 Dungeon Crawl Stone Soup version 0.29.0-5-ge4962eb29e (webtiles) character file.

Game seed: 4504871442752171456

515 SnakkuSnakku7 the Slasher (level 7, -21/43 (46) HPs)
             Began as a Merfolk Air Elementalist on Aug 29, 2022.
             Demolished by Duvessa
             ... wielding a +7 short sword of venom
              (22 damage)
             ... on level 4 of the Dungeon on Aug 30, 2022.
             The game lasted 00:10:19 (5397 turns).

SnakkuSnakku7 the Slasher (MfAE)                    Turns: 5397, Time: 00:10:20

HP:   -21/43 (46)   AC:  4    Str:  8    XL:     7   Next: 20%
MP:   10/10         EV: 13    Int: 14    God:
Gold: 209           SH:  0    Dex: 17    Spells: 9/10 levels left

rFire   . . .      SeeInvis .   n - +0 short sword (drain)
rCold   . . .      Faith    .   (no shield)
rNeg    . . .      Spirit   .   d - +0 leather armour
rPois   .          Reflect  .   m - +0 helmet
rElec   .          Harm     .   (no cloak)
rCorr   .          Rampage  .   (no gloves)
Will    .....                   (no boots)
Stlth   ++........              (no amulet)
HPRegen 0.14/turn               (no ring)
MPRegen 0.12/turn               (no ring)

@: lethally poisoned (-21 -> -64), drained
A: (nimble swimmer 2), mertail
a: no special abilities


You were on level 4 of the Dungeon.
You visited 1 branch of the dungeon, and saw 4 of its levels.
You also visited: Sewer.

You collected 209 gold pieces.

Inventory:

Hand Weapons
 e - a +0 club
 j - a +0 whip
 k - a +1 dagger of speed
 n - a +0 short sword of draining (weapon)
Missiles
 l - 8 poisoned darts (quivered)
 p - a curare-tipped dart
Armour
 a - a +0 robe
 d - a +0 leather armour (worn)
 m - a +0 helmet (worn)
Wands
 q - a wand of roots (1)
 v - a wand of flame (10)
Scrolls
 c - a scroll of fear
 f - a scroll of blinking
 g - a scroll of teleportation {unknown}
 o - 2 scrolls of vulnerability {unknown}
 s - a scroll of immolation {unknown}
 t - a scroll of identify
 w - a scroll of fog {unknown}
Potions
 b - a potion of magic
 h - 4 potions of flight
 i - 3 potions of curing
 r - a potion of haste {unknown}
 u - a potion of heal wounds


   Skills:
 - Level 6.5 Long Blades
 - Level 0.1 Maces & Flails
 + Level 3.9 Throwing
 - Level 0.3 Armour
 - Level 3.7 Dodging
 - Level 2.1 Stealth
 - Level 2.0 Spellcasting
 - Level 0.7 Conjurations
 - Level 2.4 Air Magic


You had 9 spell levels left.
You knew the following spells:

 Your Spells              Type           Power      Damage    Failure   Level
a - Shock                 Conj/Air       20%        1d4       19%         1

Your spell library contained the following spells:

 Spells                   Type           Power      Damage    Failure   Level
 Static Discharge         Conj/Air       5%         3-4/arc   26%         2
 Swiftness                Air            8%         N/A       36%         3
 Airstrike                Air            4%         2d(1-17)  77%         4


Dungeon Overview and Level Annotations

Branches:
Dungeon (4/15)              Sewer (visited)
 Temple: D:4-7

Altars:
Vehumet

Annotations:
D:4 Duvessa


Innate Abilities, Weirdness & Mutations

((You are very nimble when in or above water. (Stealth+, EV+, Speed+++)))
Your lower body shifts to a powerful aquatic tail in water.


Message History

Duvessa is nearby!
Duvessa is nearby!
Unknown command.
Okay, then.
Okay, then.
Press: ? - help, v - describe, . - travel, g - get item Item here: a runed flail.
The floor.
Aiming: Throw Flame
Press: ? - help, Shift-Dir - straight line, f - Duvessa
Aim: Duvessa, wielding a +7 short sword of venom and wearing a +1 leather armour of cold resistance (berserk, 72% to hit)
The puff of flame hits Duvessa but does no damage.
Unknown command.
Aiming: Throw Flame
Press: ? - help, Shift-Dir - straight line, f/p - Duvessa
Aim: Duvessa, wielding a +7 short sword of venom and wearing a +1 leather armour of cold resistance (berserk, 72% to hit)
The puff of flame hits Duvessa!
Duvessa is lightly wounded.
Unknown command.
Aiming: Fastroot
Press: ? - help, Shift-Dir - straight line, f/p - Duvessa
Aim: Duvessa, wielding a +7 short sword of venom and wearing a +1 leather armour of cold resistance (lightly wounded, berserk)
The roots erupt in riotous growth!
Roots grab Duvessa.
The grasping roots constrict Duvessa.
You hear an angry hiss.
Duvessa hits you with a +7 short sword of venom!
You are poisoned.
Duvessa hits you with a +7 short sword of venom!
* * * LOW HITPOINT WARNING * * *
You are more poisoned.
You hit Duvessa but do no damage.
Duvessa is moderately wounded.
The grasping roots constrict Duvessa.
* * * LOW HITPOINT WARNING * * *
You feel extremely sick.
The roots release their grip on Duvessa.
Duvessa hits you with a +7 short sword of venom!!
Ouch! That really hurt!
You die...

###.####.#.#
#>...#<..###
####†......#
###########...###..#
#...†)......#.# ..#
#..#######..#.### ..
##.## #......# #
#..######.##.#..#
##....@.#.##.##..#
######e#..#.# #...
..#.... #... #..##.#
.#. #.##.# . ...(#
#. #.


You could see Duvessa (berserk).

Vanquished Creatures
  2 kobold brigands (Sewer)
  Dowan (D:4)
  An orc priest (D:3)
  A hound (D:4)
  Jessica (D:2)
  Natasha (thrice) (D:2)
  An orc wizard (D:3)
  Robin (D:1)
  2 adders
  2 river rats (Sewer)
  2 worms (D:3)
  4 orcs
  5 ball pythons
  9 bats
  An endoplasm (D:2)
  3 giant cockroaches
  16 goblins
  13 hobgoblins
  A jackal (Sewer)
  3 quokkas
  A frilled lizard (D:2)
  11 kobolds
  12 rats
96 creatures vanquished.

Notes
Turn   | Place    | Note
-------+----------+-------------------------------------------
     0 | D:1      | SnakkuSnakku7 the Merfolk Air Elementalist began the quest
                  | for the Orb.
     0 | D:1      | Reached XP level 1. HP: 13/13 MP: 3/3
   488 | D:1      | Reached XP level 2. HP: 19/19 MP: 5/5
  1539 | D:2      | Reached skill level 1 in Long Blades
  1551 | D:2      | Noticed Robin
  1592 | D:1      | Reached XP level 3. HP: 19/24 MP: 6/6
  1684 | D:1      | Killed Robin
  1685 | D:1      | Reached skill level 2 in Long Blades
  2251 | D:2      | Noticed Jessica
  2275 | D:2      | Killed Jessica
  2276 | D:2      | Reached skill level 3 in Long Blades
  2276 | D:2      | Reached XP level 4. HP: 6/30 MP: 7/7
  2675 | D:2      | Reached skill level 4 in Long Blades
  2742 | D:2      | Noticed Natasha
  3294 | D:3      | Found a radiant altar of Vehumet.
  3327 | D:3      | Found a glowing drain.
  3338 | D:3      | Reached XP level 5. HP: 32/35 MP: 8/8
  3342 | Sewer    | Entered a sewer
  3429 | Sewer    | Noticed a kobold brigand
  3433 | Sewer    | Noticed a kobold brigand
  3488 | Sewer    | Killed a kobold brigand
  3489 | Sewer    | Reached skill level 5 in Long Blades
  3511 | Sewer    | Killed a kobold brigand
  3512 | Sewer    | Reached skill level 6 in Long Blades
  3512 | Sewer    | Reached XP level 6. HP: 32/41 MP: 9/9
  3552 | Sewer    | Found a white marble altar of Elyvilon.
  3930 | D:3      | Reached skill level 1 in Throwing
  4561 | D:2      | Killed Natasha
  4725 | D:2      | Noticed Natasha
  4739 | D:2      | Killed Natasha
  4889 | D:2      | Noticed Natasha
  4913 | D:2      | Killed Natasha
  5229 | D:4      | Reached XP level 7. HP: 46/46 MP: 10/10
  5229 | D:4      | Noticed Dowan
  5252 | D:4      | Killed Dowan
  5393 | D:4      | Noticed Duvessa
  5397 | D:4      | HP: 1/43 [poisoned by Duvessa]
  5397 | D:4      | Demolished by Duvessa

Illustrated notes

Levels and vault maps discovered:
D:1:      minmay_arrival_semitransparent, layout_loops_ring,
          nicolae_concentric_dashed_squares_wild
D:2:      layout_basic, uniq_natasha, uniq_jessica, uniq_robin
D:3:      layout_basic, nicolae_vehumet_altar_sigil, portal_sewer_entry_b,
          grunt_ministairs_1, item_on_display_a
D:4:      layout_rooms, mainiacjoe_overflow_chevrons, serial_shops,
          nicolae_shop_stone, uniq_duvessa

Skill      XL: |  1  2  3  4  5  6 |
---------------+-------------------+-----
Dodging        | 3 |  3.7
Long Blades    | 1 3 4 6 |  6.5
Throwing       | 3 |  3.9
Maces & Flails | |  0.1
Armour         | |  0.3
Stealth        | |  2.1
Spellcasting   | |  2.0
Conjurations   | |  0.7
Air Magic      | |  2.4

Action                   |  1- 3 |  4- 6 |  7- 9 || total
-------------------------+-------+-------+-------++-------
Melee: Club              |    16 |       |       ||    16
       Punch             |     2 |     4 |       ||     6
       Dagger            |   143 |    74 |       ||   217
       Whip              |     9 |       |       ||     9
       Short sword       |       |   171 |    26 ||   197
       Tailslap          |       |     5 |       ||     5
Throw: Dart              |       |     2 |       ||     2
 Cast: Shock             |     6 |     1 |       ||     7
Evoke: Wand              |       |       |     3 ||     3
  Use: Scroll            |     2 |     2 |       ||     4
       Potion            |       |     5 |       ||     5
 Stab: Sleeping          |     3 |     9 |     1 ||    13
Armor: Leather armour    |    32 |    53 |     3 ||    88
Dodge: Dodged            |   107 |   119 |    15 ||   241
